 Dungeon Crawl Stone Soup version 0.26.1-10-gdfb7c7de75 (webtiles) character file.

Game seed: 10204326422779973182

111 Almogavar the Covered (level 4, 0/38 HPs)
             Began as a Gnoll Wanderer on Apr 12, 2021.
             Slain by Grinder (3 damage)
             ... on level 3 of the Dungeon.
             The game lasted 00:04:21 (2325 turns).

Almogavar the Covered (Gnoll Wanderer)              Turns: 2325, Time: 00:04:22

Health: 0/38       AC:  3    Str: 13    XL:     4   Next: 92%
Magic:  5/5        EV:  9    Int: 18    God:
Gold:   128        SH:  8    Dex: 13    Spells: 5/5 levels left

rFire    + . .     SeeInvis .   a - +0 hand axe
rCold    . . .     Faith    .   b - +0 kite shield
rNeg     . . .     Spirit   .   k - +0 leather armour
rPois    .         Reflect  .   (no helmet)
rElec    .         Harm     .   (no cloak)
rCorr    .         Rampage  .   (no gloves)
Will     .....                  (no boots)
Stlth    +.........             (no amulet)
HPRegen  0.12/turn              f - ring of protection from fire
MPRegen  0.09/turn              (no ring)

@: hasted, very quick
A: distributed training, fangs 1, strong nose
a: no special abilities


You were on level 3 of the Dungeon.
You visited 1 branch of the dungeon, and saw 4 of its levels.

You collected 128 gold pieces.

Inventory:

Hand Weapons
 a - a +0 hand axe (weapon)
 c - a +0 short sword
Missiles
 o - 8 javelins (quivered)
Armour
 b - a +0 kite shield (worn)
 k - a +0 leather armour (worn)
Jewellery
 f - a ring of protection from fire (left hand)
 p - an uncursed ring of fire {unknown}
Scrolls
 d - a scroll of enchant armour {unknown}
 e - a scroll of remove curse
 g - a scroll of magic mapping {unknown}
 i - a scroll of fear {unknown}
 j - a scroll of fog {unknown}
 l - a scroll of random uselessness {unknown}
 m - a scroll of blinking {unknown}
 q - 2 scrolls of teleportation {unknown}
 r - a scroll of immolation {unknown}
Potions
 h - a potion of haste


   Skills:
 + Level 4.7 Fighting
 + Level 4.7 Short Blades
 + Level 1.2 Long Blades
 + Level 4.7 Axes
 + Level 1.2 Maces & Flails
 + Level 1.2 Polearms
 + Level 1.2 Staves
 + Level 1.2 Slings
 + Level 1.2 Bows
 + Level 1.2 Crossbows
 + Level 2.8 Throwing
 + Level 4.7 Armour
 + Level 1.2 Dodging
 + Level 1.2 Stealth
 + Level 2.8 Shields
 + Level 1.2 Unarmed Combat
 + Level 1.2 Spellcasting
 + Level 1.0 Conjurations
 + Level 1.0 Hexes
 + Level 1.0 Summonings
 + Level 1.0 Necromancy
 + Level 1.0 Translocations
 + Level 1.0 Transmutations
 + Level 1.0 Fire Magic
 + Level 1.0 Ice Magic
 + Level 1.0 Air Magic
 + Level 1.0 Earth Magic
 + Level 1.0 Poison Magic
 + Level 1.4 Invocations
 + Level 1.2 Evocations


You had 5 spell levels left.
You didn't know any spells.
Your spell library was empty.

Dungeon Overview and Level Annotations

Branches:
Dungeon (4/15)
 Temple: D:4-7

Altars:

Shops:
D:4 =

Annotations:
D:3 Grinder


Innate Abilities, Weirdness & Mutations

Your experience applies equally to all skills.
You have very sharp teeth.
Your uncanny sense of smell can sniff out nearby items.


Message History

You hit Grinder.
Grinder is heavily wounded.
Grinder blinks!
Grinder gestures at you.
You barely resist. You hit Grinder.
Grinder is heavily wounded.
You block Grinder's attack.
You hit Grinder.
Grinder is heavily wounded.
You hit Grinder.
Grinder is severely wounded.
Grinder hits you.
* * * LOW HITPOINT WARNING * * *
You writhe in agony.
* * * LOW HITPOINT WARNING * * *
You closely miss Grinder.
Grinder is severely wounded.
Grinder hits you.
You die...

#.# #.# #.#.#
#.# #.# #[).#
#.# #.# ##..#
#.#
###.######..#
#######.#
#....†.....>#
#.......#
#.#.#########
#.#######
#.#...# #.#
#.###5# #.#
#...@.# #.#
#######
#.######
#......#
#.####.# ###
#.# ∆ ∆ ###


You could see Grinder.

Vanquished Creatures
  A hound (D:4)
  An orc wizard (D:3)
  2 adders
  An ooze (D:4)
  2 leopard geckos
  3 orcs (D:3)
  5 giant cockroaches
  A goblin (D:1)
  3 hobgoblins
  A quokka (D:2)
  5 bats
  A frilled lizard (D:2)
  A kobold (D:2)
  A rat (D:3)
28 creatures vanquished.

Notes
Turn   | Place    | Note
-------+----------+-------------------------------------------
     0 | D:1      | Almogavar the Gnoll Wanderer began the quest for the Orb.
     0 | D:1      | Almogavar set off with the following items: a +0 hand axe,
                  | a +0 kite shield, a +0 short sword, a +0 robe
     0 | D:1      | Reached XP level 1. HP: 20/20 MP: 1/1
   816 | D:1      | Reached XP level 2. HP: 24/26 MP: 2/2
  1294 | D:2      | Reached XP level 3. HP: 30/31 MP: 3/3
  1386 | D:2      | You fall into a shaft and drop 2 floors!
  1386 | D:4      | Found Jaequf's Jewellery Shoppe.
  1412 | D:4      | Reached skill level 1 in Long Blades
  1412 | D:4      | Reached skill level 1 in Maces & Flails
  1412 | D:4      | Reached skill level 1 in Polearms
  1412 | D:4      | Reached skill level 1 in Staves
  1412 | D:4      | Reached skill level 1 in Slings
  1412 | D:4      | Reached skill level 1 in Bows
  1412 | D:4      | Reached skill level 1 in Crossbows
  1412 | D:4      | Reached skill level 1 in Dodging
  1412 | D:4      | Reached skill level 1 in Stealth
  1412 | D:4      | Reached skill level 1 in Unarmed Combat
  1412 | D:4      | Reached skill level 1 in Spellcasting
  1412 | D:4      | Reached skill level 1 in Invocations
  1412 | D:4      | Reached skill level 1 in Evocations
  1412 | D:4      | Reached XP level 4. HP: 4/38 MP: 3/5
  2195 | D:3      | Reached skill level 1 in Conjurations
  2195 | D:3      | Reached skill level 1 in Hexes
  2195 | D:3      | Reached skill level 1 in Summonings
  2195 | D:3      | Reached skill level 1 in Necromancy
  2195 | D:3      | Reached skill level 1 in Translocations
  2195 | D:3      | Reached skill level 1 in Transmutations
  2195 | D:3      | Reached skill level 1 in Fire Magic
  2195 | D:3      | Reached skill level 1 in Ice Magic
  2195 | D:3      | Reached skill level 1 in Air Magic
  2195 | D:3      | Reached skill level 1 in Earth Magic
  2195 | D:3      | Reached skill level 1 in Poison Magic
  2280 | D:3      | Noticed Grinder
  2297 | D:3      | Paralysed by Grinder for 4 turns
  2317 | D:3      | HP: 1/38 [Grinder (10)]
  2325 | D:3      | Slain by Grinder

Illustrated notes

Levels and vault maps discovered:
D:1:      matt_arrival_spirals, layout_basic, hangedman_decor_push
D:2:      layout_loops_ring, uniq_terence
D:3:      layout_basic, marbit_many_paths, uniq_grinder, uniq_natasha
D:4:      layout_basic, fedhas_ov_isle_minmay, kennysheep_slug_shrine,
          minmay_temple_entry_gardened_gates, serial_shops,
          nicolae_shop_waterfront, uniq_sigmund

Skill      XL: |  1  2  3  4 |
---------------+-------------+-----
Long Blades    | 1 |  1.2
Maces & Flails | 1 |  1.2
Polearms       | 1 |  1.2
Staves         | 1 |  1.2
Slings         | 1 |  1.2
Bows           | 1 |  1.2
Crossbows      | 1 |  1.2
Dodging        | 1 |  1.2
Stealth        | 1 |  1.2
Unarmed Combat | 1 |  1.2
Spellcasting   | 1 |  1.2
Invocations    | 1 |  1.4
Evocations     | 1 |  1.2
Conjurations   | 1 |  1.0
Hexes          | 1 |  1.0
Summonings     | 1 |  1.0
Necromancy     | 1 |  1.0
Translocations | 1 |  1.0
Transmutations | 1 |  1.0
Fire Magic     | 1 |  1.0
Ice Magic      | 1 |  1.0
Air Magic      | 1 |  1.0
Earth Magic    | 1 |  1.0
Poison Magic   | 1 |  1.0
Fighting       | |  4.7
Short Blades   | |  4.7
Axes           | |  4.7
Throwing       | |  2.8
Armour         | |  4.7
Shields        | |  2.8

Action                   |  1- 3 |  4- 6 || total
-------------------------+-------+-------++-------
Melee: Hand axe          |    71 |    61 ||   132
       Short sword       |     7 |       ||     7
       Bite              |     6 |     5 ||    11
  Use: Scroll            |     1 |       ||     1
       Potion            |       |     2 ||     2
 Stab: Sleeping          |       |     1 ||     1
Armor: Robe              |     8 |       ||     8
       Leather armour    |     7 |     3 ||    10
Dodge: Dodged            |    36 |    17 ||    53
Block: Kite shield       |    37 |    14 ||    51
